 Dungeon Sprint DCSS version 0.28.0-45-g0d030f2227 (webtiles) character file.

Game seed: 10964162041295331249

9600000 protoss039 the Formicid Barricade (level 27, -99/249 HPs)
             Began as a Formicid Fighter on Apr 5, 2022.
             Was the Champion of Makhleb.
             Annihilated by The Servant
             ... wielding a +9 glaive of flaming
              (145 damage)
             ... in the Dungeon (Sprint VIII: "Arena of Blood").
             The game lasted 00:02:49 (96 turns).

protoss039 the Formicid Barricade (Formicid Fighter)  Turns: 96, Time: 00:02:50

Health: -99/249    AC: 13    Str: 34    XL:     27
Magic:  33/51      EV: 20    Int:  9    God:    Makhleb [******]
Gold:   0          SH: 10    Dex: 10    Spells: 74/74 levels left

rFire   . . .      SeeInvis +   h - +∞ Axe of Woe
rCold   . . .      Faith    .   c - +0 buckler
rNeg    . . .      Spirit   .   b - +0 scale mail
rPois   .          Reflect  .   (helmet unavailable)
rElec   .          Harm     .   (no cloak)
rCorr   .          Rampage  .   (no gloves)
Will    ++...                   (no boots)
Stlth   ++++++++..              (no amulet)
HPRegen 0.51/turn               (no ring)
MPRegen 0.32/turn               (no ring)

@: no status effects
A: permanent stasis, dig shafts and tunnels, antennae 3, four strong arms
a: Dig, Renounce Religion, Minor Destruction, Lesser Servant of Makhleb, Major
Destruction, Greater Servant of Makhleb


You were in the Dungeon.
You worshipped Makhleb.
Makhleb was exalted by your worship.
You visited 1 branch

Inventory:

Hand Weapons
 a - a +0 war axe
 h - the +∞ Axe of Woe (weapon)
   (You found it in the Dungeon)
Armour
 b - a +0 scale mail (worn)
 c - a +0 buckler (worn)
Potions
 d - a potion of might
 e - a potion of curing
 f - a potion of heal wounds
 g - 2 potions of magic


   Skills:
 O Level 27 Fighting
 + Level 24.0(27) Short Blades
 + Level 23.9(27) Long Blades
 O Level 27 Axes
 + Level 23.9(27) Maces & Flails
 + Level 23.9(27) Polearms
 + Level 23.9(27) Staves
 + Level 25.7(27) Slings
 + Level 20.5 Bows
 + Level 23.9 Crossbows
 + Level 23.9(27) Throwing
 O Level 27 Armour
 O Level 27 Dodging
 O Level 27 Stealth
 O Level 27 Shields
 + Level 23.9 Unarmed Combat
 + Level 24.0 Spellcasting
 + Level 22.4 Conjurations
 O Level 27 Hexes
 + Level 23.9 Summonings
 + Level 23.9 Necromancy
 + Level 22.2 Translocations
 + Level 26.1 Transmutations
 + Level 24.1 Fire Magic
 + Level 24.1 Ice Magic
 + Level 20.7 Air Magic
 O Level 27 Earth Magic
 O Level 27 Poison Magic
 O Level 27 Invocations
 + Level 26.0 Evocations


You had 74 spell levels left.
You didn't know any spells.
Your spell library was empty.

Dungeon Overview and Level Annotations

Branches:
Dungeon (1/1)

Altars:
Makhleb

Annotations:
D The Servant


Innate Abilities, Weirdness & Mutations

You cannot be hasted, slowed, berserked, paralysed or teleported.
You can dig through walls and to a lower floor.
You have a pair of large antennae on your head. (SInv)
Your four strong arms can wield two-handed weapons with a shield.


Message History

Press < or > to pray at altars.
You hit the large abomination but do no damage.
You cleave the large abomination in twain.
You destroy the large abomination!
The large abomination disappears in a puff of smoke!
The accursed appears out of thin air!
An accursed comes into view.
You are engulfed in blazing flames.
You hear a shout! x2
A sculptor of flesh comes into view. It is wielding a +9 great sword.
You hear a shout!
The tyrant is engulfed in blazing flames.
The tyrant mumbles some strange words.
The tyrant seems to speed up.
You hear a shout!
A bag of meat comes into view. It is wielding a +9 war axe.
You hear a shout! x2
The meat berserker rages.
You hear a shout! x2
Unknown command.
Press < or > to pray at altars.
Unknown command.
Press < or > to pray at altars.
Unknown command.
Press < or > to pray at altars.
You dice the large bag of meat like an onion!!!
Flame seeps out of the large bag of meat.
You cleave the large bag of meat in twain.
Makhleb accepts your kill.
You feel better.
The large bag of meat explodes!
The fiery explosion engulfs the accursed.
The fiery explosion engulfs you!
* * * LOW HITPOINT WARNING * * *
You are engulfed in blazing flames.
* * * LOW HITPOINT WARNING * * *
The Servant is engulfed in blazing flames.
The Servant hits you from afar with a +9 glaive of flaming!!!!!
Ouch! That really hurt!
You die...

#. ...# { #..
...# {{ .###..
{..###{{
......###....{.
......_.....
#...M)#{ . .
#_.<)_# ...
....#§§§)L#.z.o.
..L.GM○@°@O2.....
..oW.§###LX......
.###.{ ...###...
#.. .@{# .. #.
.{..# .. .....
...L... ....


You could see 2 accurseds, a meat beast (fast), 3 tyrants, The Servant, an
observer (fast, invisible), a sculptor of flesh, a large abomination (summoned),
a wretched soul (invisible), a meat berserker (berserk) and 2 bags of meat.

Vanquished Creatures
  2 hell beasts (D)
  A royal mummy (D)
  8 vampire knights (D)
  28 ogres (D)
  7 two-headed ogres (D)
  3 liches (D)
  A hydra (D)
  47 orcs (D)
  2 phantoms (D)
  3 skeletal warriors (D)
102 creatures vanquished.

Notes
Turn   | Place    | Note
-------+----------+-------------------------------------------
     0 | D        | Found the +∞ Axe of Woe
     0 | D        | protoss039 the Formicid Fighter began the quest for the
                  | Orb.
     0 | D        | Reached XP level 1. HP: 18/18 MP: 1/1
     2 | D        | Noticed a bag of meat
     2 | D        | Noticed a bag of meat
     3 | D        | Became a worshipper of Makhleb the Destroyer
     7 | D        | Noticed a bag of meat
     8 | D        | Noticed a bag of meat
     9 | D        | Killed a bag of meat
     9 | D        | Noticed a bag of meat
     9 | D        | Noticed a meat berserker
    10 | D        | Reached skill level 15 in Fighting
    10 | D        | Reached XP level 2. HP: 26/45 MP: 2/2
    10 | D        | Reached XP level 3. HP: 30/51 MP: 3/3
    10 | D        | Reached XP level 4. HP: 34/58 MP: 4/4
    10 | D        | Reached XP level 5. HP: 37/64 MP: 5/5
    10 | D        | Reached XP level 6. HP: 41/71 MP: 6/6
    10 | D        | Reached XP level 7. HP: 45/77 MP: 7/7
    10 | D        | Reached XP level 8. HP: 49/84 MP: 8/8
    10 | D        | Reached XP level 9. HP: 53/91 MP: 9/9
    10 | D        | Reached XP level 10. HP: 57/98 MP: 10/10
    10 | D        | Reached XP level 11. HP: 61/104 MP: 11/11
    10 | D        | Killed a bag of meat
    10 | D        | Reached * piety under Makhleb
    10 | D        | Killed a bag of meat
    10 | D        | Killed a bag of meat
    10 | D        | Noticed a meat berserker
    11 | D        | Reached XP level 12. HP: 72/122 MP: 12/12
    11 | D        | Reached XP level 13. HP: 75/128 MP: 13/13
    11 | D        | Killed a meat berserker
    11 | D        | Reached ** piety under Makhleb
    11 | D        | Noticed a bag of meat
    12 | D        | Reached XP level 14. HP: 83/140 MP: 14/14
    12 | D        | Killed a meat berserker
    13 | D        | Reached skill level 15 in Axes
    13 | D        | Reached XP level 15. HP: 89/150 MP: 15/15
    13 | D        | Noticed a meat berserker
    15 | D        | Noticed a meat berserker
    16 | D        | Noticed a meat berserker
    17 | D        | Killed a meat berserker
    17 | D        | Reached *** piety under Makhleb
    18 | D        | Reached skill level 27 in Shields
    18 | D        | Reached XP level 16. HP: 53/165 MP: 16/16
    18 | D        | Noticed a meat berserker
    18 | D        | Noticed a destroyer
    19 | D        | Reached **** piety under Makhleb
    20 | D        | Reached skill level 27 in Fighting
    20 | D        | Reached skill level 27 in Armour
    20 | D        | Killed a meat berserker
    20 | D        | Noticed a meat berserker
    21 | D        | Reached skill level 5 in Dodging
    21 | D        | Reached XP level 17. HP: 107/174 MP: 17/17
    21 | D        | Killed a meat berserker
    21 | D        | Noticed a meat berserker
    22 | D        | Reached skill level 27 in Axes
    22 | D        | Reached skill level 10 in Dodging
    22 | D        | Killed a meat berserker
    23 | D        | Noticed a meat berserker
    23 | D        | Reached ***** piety under Makhleb
    23 | D        | Noticed a meat berserker
    24 | D        | Killed a destroyer
    24 | D        | Noticed a meat berserker
    25 | D        | Reached XP level 18. HP: 182/182 MP: 18/18
    25 | D        | Noticed a meat berserker
    25 | D        | Noticed a meat berserker
    26 | D        | Noticed a meat berserker
    26 | D        | Noticed a large bag of meat
    27 | D        | Killed a meat berserker
    27 | D        | Noticed a destroyer
    28 | D        | Reached skill level 27 in Dodging
    28 | D        | Killed a meat berserker
    28 | D        | Noticed a destroyer
    29 | D        | Reached XP level 19. HP: 189/189 MP: 18/24
    29 | D        | Killed a meat berserker
    29 | D        | Killed a meat berserker
    29 | D        | Reached ****** piety under Makhleb
    29 | D        | Noticed a large bag of meat
    30 | D        | Reached skill level 5 in Bows
    30 | D        | Reached skill level 5 in Conjurations
    30 | D        | Reached skill level 5 in Translocations
    30 | D        | Reached skill level 5 in Air Magic
    30 | D        | Killed a meat berserker
    30 | D        | Noticed a meat berserker
    30 | D        | Noticed a large bag of meat
    31 | D        | Reached XP level 20. HP: 197/197 MP: 18/30
    31 | D        | Noticed a large bag of meat
    31 | D        | Killed a meat berserker
    32 | D        | Reached skill level 10 in Stealth
    32 | D        | Reached skill level 10 in Poison Magic
    32 | D        | Killed a meat berserker
    33 | D        | Reached skill level 10 in Hexes
    33 | D        | Reached skill level 10 in Earth Magic
    33 | D        | Reached skill level 10 in Invocations
    33 | D        | Noticed a meat berserker
    33 | D        | Noticed a destroyer
    34 | D        | Reached XP level 21. HP: 204/204 MP: 18/34
    34 | D        | Killed a destroyer
    34 | D        | Noticed a large bag of meat
    35 | D        | Reached skill level 10 in Slings
    35 | D        | Reached skill level 10 in Transmutations
    35 | D        | Reached skill level 10 in Evocations
    35 | D        | Killed a large bag of meat
    35 | D        | Noticed a destroyer
    36 | D        | Reached skill level 10 in Short Blades
    36 | D        | Reached skill level 10 in Long Blades
    36 | D        | Reached skill level 10 in Maces & Flails
    36 | D        | Reached skill level 10 in Polearms
    36 | D        | Reached skill level 10 in Staves
    36 | D        | Reached skill level 10 in Crossbows
    36 | D        | Reached skill level 10 in Throwing
    36 | D        | Reached skill level 10 in Unarmed Combat
    36 | D        | Reached skill level 10 in Spellcasting
    36 | D        | Reached skill level 10 in Summonings
    36 | D        | Reached skill level 10 in Necromancy
    36 | D        | Reached skill level 10 in Fire Magic
    36 | D        | Reached skill level 10 in Ice Magic
    36 | D        | Killed a meat berserker
    37 | D        | Reached skill level 10 in Conjurations
    37 | D        | Reached skill level 10 in Translocations
    37 | D        | Reached XP level 22. HP: 199/212 MP: 19/37
    38 | D        | Killed a meat berserker
    39 | D        | Reached skill level 10 in Bows
    39 | D        | Reached skill level 15 in Stealth
    39 | D        | Reached skill level 10 in Air Magic
    39 | D        | Reached skill level 15 in Poison Magic
    39 | D        | Killed a destroyer
    39 | D        | Noticed a meat berserker
    40 | D        | Killed a meat berserker
    40 | D        | Killed a large bag of meat
    40 | D        | Killed a destroyer
    41 | D        | Reached skill level 15 in Slings
    41 | D        | Reached skill level 15 in Transmutations
    41 | D        | Reached skill level 15 in Evocations
    41 | D        | Reached XP level 23. HP: 163/219 MP: 20/40
    41 | D        | Killed a large bag of meat
    41 | D        | Killed a large bag of meat
    42 | D        | Reached XP level 24. HP: 181/227 MP: 20/41
    42 | D        | Killed a destroyer
    43 | D        | Reached skill level 15 in Short Blades
    43 | D        | Reached skill level 15 in Long Blades
    43 | D        | Reached skill level 15 in Maces & Flails
    43 | D        | Reached skill level 15 in Polearms
    43 | D        | Reached skill level 15 in Staves
    43 | D        | Reached skill level 15 in Crossbows
    43 | D        | Reached skill level 15 in Throwing
    43 | D        | Reached skill level 15 in Unarmed Combat
    43 | D        | Reached skill level 15 in Spellcasting
    43 | D        | Reached skill level 15 in Summonings
    43 | D        | Reached skill level 15 in Necromancy
    43 | D        | Reached skill level 15 in Fire Magic
    43 | D        | Reached skill level 15 in Ice Magic
    43 | D        | Noticed a destroyer
    44 | D        | Killed a large bag of meat
    45 | D        | Noticed a tyrant
    46 | D        | Reached skill level 15 in Conjurations
    46 | D        | Reached skill level 15 in Translocations
    46 | D        | Reached XP level 25. HP: 228/234 MP: 21/43
    46 | D        | Killed a destroyer
    50 | D        | Reached skill level 15 in Bows
    50 | D        | Reached skill level 15 in Air Magic
    50 | D        | Reached XP level 26. HP: 238/242 MP: 21/44
    52 | D        | Killed a tyrant
    64 | D        | Reached XP level 27. HP: 249/249 MP: 25/46
    70 | D        | Noticed an accursed
    70 | D        | Noticed a meat beast
    71 | D        | Killed a meat beast
    73 | D        | Noticed a destroyer
    75 | D        | Noticed a meat beast
    77 | D        | Killed a destroyer
    79 | D        | Killed a meat beast
    79 | D        | Noticed a tyrant
    80 | D        | Reached skill level 27 in Stealth
    80 | D        | Reached skill level 27 in Poison Magic
    81 | D        | Noticed a tyrant
    81 | D        | Noticed a large bag of meat
    83 | D        | Noticed a destroyer
    83 | D        | Noticed The Servant
    86 | D        | Killed an accursed
    86 | D        | Killed a tyrant
    86 | D        | Noticed an accursed
    87 | D        | Noticed a tyrant
    89 | D        | Reached skill level 27 in Earth Magic
    89 | D        | Reached skill level 27 in Invocations
    89 | D        | Noticed a large bag of meat
    90 | D        | Killed a tyrant
    91 | D        | Reached skill level 27 in Hexes
    91 | D        | Noticed a tyrant
    92 | D        | Killed a large bag of meat
    93 | D        | Noticed a tyrant
    94 | D        | Killed a destroyer
    94 | D        | Noticed a meat beast
    96 | D        | Noticed an accursed
    96 | D        | Killed a large bag of meat
    96 | D        | Annihilated by The Servant

Illustrated notes

Levels and vault maps discovered:
D:        meatsprint

Skill      XL: |  1  2  3  4  5  6  7  8  9 10 11 12 13 14 15 16 17 18 19 20 21 22 23 24 25 26 27 |
---------------+----------------------------------------------------------------------------------+-----
Fighting       | 15 20 22 23 26 27 | 27.0
Axes           | 8 12 13 15 17 24 27 | 27.0
Armour         | 16 21 22 24 26 27 | 27.0
Shields        | 17 22 24 25 27 | 27.0
Dodging        | 2 5 24 27 | 27.0
Short Blades   | 3 6 9 11 13 14 16 17 19 24 | 24.0
Long Blades    | 3 6 9 11 13 14 16 17 19 23 | 23.9
Maces & Flails | 3 6 9 11 13 14 16 17 19 23 | 23.9
Polearms       | 3 6 9 11 13 14 16 17 19 23 | 23.9
Staves         | 3 6 9 11 13 14 16 17 19 23 | 23.9
Slings         | 3 7 9 12 15 17 19 20 25 | 25.7
Bows           | 2 5 7 9 11 12 14 15 16 20 | 20.5
Crossbows      | 3 6 9 11 13 14 16 17 19 23 | 23.9
Throwing       | 3 6 9 11 13 14 16 17 19 23 | 23.9
Stealth        | 4 8 11 14 17 18 20 22 24 27 | 27.0
Unarmed Combat | 3 6 9 11 13 14 16 17 19 23 | 23.9
Spellcasting   | 3 6 9 11 13 14 16 17 19 24 | 24.0
Conjurations   | 3 6 8 10 12 13 15 16 17 22 | 22.4
Hexes          | 4 8 10 13 16 17 19 20 22 27 | 27.0
Summonings     | 3 6 9 11 13 14 16 17 19 23 | 23.9
Necromancy     | 3 6 9 11 13 14 16 17 19 23 | 23.9
Translocations | 3 6 8 10 12 13 15 16 17 22 | 22.2
Transmutations | 3 7 9 12 15 17 19 20 26 | 26.1
Fire Magic     | 3 6 9 11 13 14 16 17 19 24 | 24.1
Ice Magic      | 3 6 9 11 13 14 16 17 19 24 | 24.1
Air Magic      | 2 5 7 9 11 12 14 15 16 20 | 20.7
Earth Magic    | 4 8 10 13 16 17 19 20 22 27 | 27.0
Poison Magic   | 4 8 11 14 17 18 20 22 24 27 | 27.0
Invocations    | 4 8 10 13 16 17 19 20 22 27 | 27.0
Evocations     | 3 7 9 12 15 17 19 20 26 | 26.0

Action                   |  1- 3 |  4- 6 |  7- 9 | 10-12 | 13-15 | 16-18 | 19-21 | 22-24 | 25-27 || total
-------------------------+-------+-------+-------+-------+-------+-------+-------+-------+-------++-------
Melee: Executioner's axe |     1 |       |       |     1 |     4 |     8 |     3 |     5 |    27 ||    49
Armor: Scale mail        |       |       |       |       |       |       |       |       |     1 ||     1
Dodge: Dodged            |       |       |       |       |     1 |       |       |       |     1 ||     2
Block: Buckler           |     1 |       |       |       |       |       |       |       |       ||     1
